[Event "*** Titled Tuesday Blitz"]
[Site "Chess.com"]
[Date "2020.04.28"]
[Round "2"]
[White "Playgood28"]
[Black "druskacik"]
[Result "0-1"]
[WhiteElo "2230"]
[BlackElo "2544"]
[TimeControl "180+1"]
[EndTime "10:18:38 PDT"]
[Termination "druskacik won on time"]

1. d4 d5 2. c4 e6 3. Nc3 Nf6 4. Bg5 dxc4 5. e3 c5 6. Nf3 cxd4 7. Qxd4 Qxd4 8. Nxd4 Bd7 9. Bxc4 Bb4 10. Bxf6 gxf6 11. Rc1 Nc6 12. Nxc6 Bxc6 13. f3 Rg8 14. Kf2 f5 15.
Bb5 Rc8 16. Bxc6+ Rxc6 17. Nb5 Bc5 18. Nd4 Bxd4 19. exd4 Rxc1 20. Rxc1 Kd7 21. g3 h5 22. h4 Kd6 23. Rc5 b6 24. Rc3 f6 25. b4 a6 26. a4 b5 27. axb5 axb5 28. Rc5 Rb8 29. Ke3 e5 30. d5 Ra8 31. Rxb5 Ra3+ 32. Ke2 Ra2+ 33. Ke3 Ra3+ 34. Ke2 Ra2+ 35. Ke3 Rg2 36. Rb6+ Ke7 37. Re6+ Kf7 38. b5 Rxg3 39. Kf2 Rh3 40. b6 Rxh4 41. Rc6 Rb4 42. Rc7+ Kg6 43. b7 Rb2+ 44. Kg3 f4+ 45. Kh3 e4 46. fxe4 f3 47.
d6 f2 48. Kg2 h4 49. d7 h3+ 50. Kf1 h2 0-1

[Event "*** Titled Tuesday Blitz"]
[Site "Chess.com"]
[Date "2020.04.28"]
[Round "2"]
[White "tsvet2005"]
[Black "XDPS"]
[Result "0-1"]
[WhiteElo "2511"]
[BlackElo "2769"]
[TimeControl "180+1"]
[EndTime "10:18:39 PDT"]
[Termination "XDPS won by resignation"]

1. d4 d5 2. c4 e6 3. Nc3 Nf6 4. cxd5 exd5 5. Bg5 c6 6. e3 h6 7. Bh4 Bd6 8. Bd3 O-O 9. Nge2 Re8 10. Qc2 a5 11.
Rd1 Na6 12. a3 Nc7 13. Bg3 Ne6 14. O-O Ng5 15. Bxd6 Qxd6 16. Ng3 Qe7 17. Rde1 Nge4 18. f3 Nxg3 19. hxg3 Qd6 20. Qf2 Be6 21. g4 Rad8 22. Qh4 c5 23. dxc5 Qxc5 24. g5 hxg5 25. Qxg5 Qb6 26.
Re2 d4 27. Na4 Qc7 28. e4 Bb3 29. Rc1 Qb8 30. Nc5 Re5 31. Qd2 a4 32. Nxb3 axb3 33.
Qf4 Rc5 34. e5 Nd5 35. Qd2 b6 36. Re4 Ne3 37. Rxc5 bxc5 38. Bb1 Qc7 39. Rh4 Qxe5 40. Qd3 g6 41. Re4 Qd5 42. Qd2 c4 43. Qf2 Qc5 44. Qh4 Rf8 45. Qf6 Qf5 46. Qxd4 Nc2 47. Qc3 Qc5+ 48.
Qe3 Nxe3 49. Kh2 Nf5 50. Rf4 Rd8 51. Bxf5 gxf5 52. g4 Qe5 53. Kg3 0-1

[Event "*** Titled Tuesday Blitz"]
[Site "Chess.com"]
[Date "2020.04.28"]
[Round "2"]
[White "crazy_but_lazy"]
[Black "Boudicca64"]
[Result "1-0"]
[WhiteElo "2359"]
[BlackElo "1902"]
[TimeControl "180+1"]
[EndTime "10:18:39 PDT"]
[Termination "crazy_but_lazy won on time"]

1. e4 c5 2. Nf3 e6 3. d4 cxd4 4. Nxd4 Nf6 5. Nc3 Nc6 6. Ndb5 a6 7. Nd6+ Bxd6 8. Qxd6 b5 9. Bg5 b4 10. Bxf6 Qxf6 11.
Na4 Qe5 12. O-O-O Qxd6 13. Rxd6 Ke7 14. Rd2 d6 15. g3 Bb7 16. Bg2 Ne5 17. Rhd1 Rhd8 18.
b3 a5 19. f4 Ng4 20. h3 Ne3 21. Re1 Nxg2 22. Rxg2 f5 23. c4 Bxe4 24. Rd2 Rab8 25. Re3 Rdc8 26. Kd1 Rd8 27. Ke1 g6 28. Kf2 Rbc8 29.
g4 d5 30. cxd5 exd5 31. Nb6 Rc5 32. Re1 Kf6 33. g5+ Kf7 34. h4 Rd6 35. Nc4 Rdc6 36. Ne5+ Ke6 37. Nxc6 Rxc6 38. Ke3 Rc3+ 39. Kd4 Rf3 40.
Rc1 Rxf4 41. Rc6+ Kd7 42. Kc5 d4 43. Rxd4+ Ke7 44. Rc7+ Ke8 45. Ra7 Bb1 46. Rxf4 1-0

[Event "*** Titled Tuesday Blitz"]
[Site "Chess.com"]
[Date "2020.04.28"]
[Round "2"]
[White "Szparu"]
[Black "troisi"]
[Result "0-1"]
[WhiteElo "2496"]
[BlackElo "2159"]
[TimeControl "180+1"]
[EndTime "10:18:40 PDT"]
[Termination "troisi won on time"]

1. e4 e5 2. Nf3 Nc6 3. Bb5 a6 4. Ba4 Nf6 5. O-O b5 6. Bb3 Bc5 7. Re1 Ng4 8. d4 exd4 9. Ng5 Nh6 10. Nxf7 Nxf7 11. Bxf7+ Kxf7 12. Qh5+ g6 13. Qxc5 Qe7 14. Qd5+ Qe6 15. Bg5 Re8 16. Nd2 Bb7 17. Nf3 d6 18. Rad1 Qxd5 19. exd5 Nb4 20. Nxd4 Nxd5 21. c3 Nf6 22. f3 Re5 23. Rxe5 dxe5 24. Nb3 Nd5 25. Nc5 Bc6 26. Kf2 a5 27. Nd3 Re8 28. Re1 Kg7 29. Nxe5 Bb7 30. Nd3 Rxe1 31. Kxe1 b4 32.
cxb4 axb4 33. Bd2 b3 34. axb3 Ba6 35. Ke2 Kf7 36. b4 Bb5 37. b3 Ke6 38. g4 h5 39.
gxh5 gxh5 40. h4 Kf5 41. Bc1 Nxb4 42. Ke3 Nxd3 43. Bd2 Nc5 44. Ba5 c6 45. b4 Ne6 46.
Bb6 Bc4 47. Bc5 Bd5 0-1

[Event "*** Titled Tuesday Blitz"]
[Site "Chess.com"]
[Date "2020.04.28"]
[Round "2"]
[White "mortngabriel"]
[Black "donotreadit"]
[Result "1-0"]
[WhiteElo "2457"]
[BlackElo "2665"]
[TimeControl "180+1"]
[EndTime "10:18:41 PDT"]
[Termination "mortngabriel won by resignation"]

1. d4 d5 2. c4 e6 3. Nf3 Be7 4. Nc3 Nf6 5. Bf4 O-O 6. e3 Nbd7 7. c5 c6 8. h3 b6 9. b4 a5 10. a3 Ba6 11. Bxa6 Rxa6 12. O-O Qc8 13. Qd3 b5 14. Ne5 Qb7 15. Rab1 Rfa8 16. a4 Nxe5 17. dxe5 Nd7 18. axb5 cxb5 19. Qxb5 Qxb5 20. Nxb5 axb4 21. Nc7 Bxc5 22.
Rfd1 h6 23. e4 d4 24. Bd2 Nxe5 25. Nxa8 Rxa8 26. Bxb4 Bxb4 27. Rxb4 d3 28. f4 Ng6 29. g3 h5 30. h4 Ra3 31. Rd2 e5 32. f5 Ne7 33.
Rc4 Kf8 34. Kf2 Ke8 35. Ke3 g6 36. fxg6 fxg6 37. Rxd3 Ra6 38. Rc5 Nc6 39. Rd6 Ra3+ 40. Rd3 Ra6 41. Rd6 Ra3+ 42. Kf2 Ra2+ 43. Kg1 Nb4 44.
Rxe5+ Kf8 45. Rxg6 Nd3 46. Rf6+ Kg7 47. Ref5 Ra1+ 48.
Kg2 Ra2+ 49. Kh3 Ne1 50. e5 Re2 51. Rg5+ Kh7 52. Rxh5+ Kg7 53. Rg5+ Kh7 54. e6 Nd3 55. Rf7+ Kh6 56. e7 Nf4+ 57. Rxf4 Rxe7 58. Rf6+ Kh7 59. Kg4 1-0

[Event "*** Titled Tuesday Blitz"]
[Site "Chess.com"]
[Date "2020.04.28"]
[Round "2"]
[White "BelaKis"]
[Black "SlavenPastar"]
[Result "0-1"]
[WhiteElo "2035"]
[BlackElo "2376"]
[TimeControl "180+1"]
[EndTime "10:18:41 PDT"]
[Termination "SlavenPastar won by checkmate"]

1. Nf3 b6 2. g3 Bb7 3. Bg2 e6 4. O-O f5 5. d4 Nf6 6. c4 Be7 7. Nc3 O-O 8. d5 Qc8 9. a3 a5 10. Re1 Na6 11. e4 fxe4 12. Nxe4 Nxe4 13. Rxe4 Nc5 14.
Re2 Bf6 15. Bf4 exd5 16. cxd5 d6 17. Nd4 Re8 18. Nc6 a4 19. Qc2 Rxe2 20. Qxe2 Qe8 21. Qc2 Qg6 22. Qxg6 hxg6 23. Rb1 Nd3 24. Be4 Nxf4 25.
gxf4 Kf7 26. Kg2 Re8 27. Kf3 Rh8 28. Kg2 Rh4 29. Kg3 Rh6 30. b3 axb3 31. Rxb3 Bh4+ 32.
Kg2 Bf6 33. a4 Ba6 34. a5 bxa5 35. Nxa5 Rh4 36. Kg3 Rh8 37. Ra3 g5 38. fxg5 Bxg5 39. Nc6 Bf1 40. Ra4 Bf6 41. f4 Rh3+ 42. Kg4 Rxh2 43.
Ra7 Rb2 44. Rxc7+ Kf8 45. Kf5 Bh3+ 46. Kg6 Rb3 47. Rc8+ Bxc8 48. f5 Rg3+ 49. Kh5 Re3 50. Kg6 Rxe4 51. Na7 Rh4 52. Nxc8 Rh6# 0-1

[Event "*** Titled Tuesday Blitz"]
[Site "Chess.com"]
[Date "2020.04.28"]
[Round "2"]
[White "A-Fier"]
[Black "Generalas"]
[Result "1-0"]
[WhiteElo "2796"]
[BlackElo "2336"]
[TimeControl "180+1"]
[EndTime "10:18:42 PDT"]
[Termination "A-Fier won by resignation"]

1. e4 e5 2. Nf3 Nc6 3. Bb5 a6 4.
Ba4 Nf6 5. O-O Be7 6. Re1 b5 7. Bb3 O-O 8. a4 Bb7 9. d3 d6 10. Nc3 Na5 11. Ba2 b4 12. Ne2 Rb8 13. Ng3 b3 14. Bxb3 Nxb3 15. cxb3 Bc8 16. Nd2 Be6 17. Nc4 Qd7 18. Bg5 h6 19. Bxf6 Bxf6 20. Rc1 Bg5 21.
Rc3 f5 22. exf5 Bxf5 23. Nxf5 Qxf5 24. Qe2 Bh4 25. g3 Bg5 26. Ne3 Qf7 27. Qc2 Rb7 28. Nc4 Bf6 29. Na5 Ra7 30. Nc6 Rb7 31. b4 e4 32. d4 d5 33. Rc5 Rb6 34. Re2 Qe6 35. b5 axb5 36. axb5 Ra8 37. Re1 Rf8 38. Qb3 Kh7 39. Qxd5 Qxd5 40. Rxd5 Ra8 41. Rxe4 Ra1+ 42. Kg2 Rb1 43. Re2 Rd1 44. Rd7 Rxb5 45.
Rxc7 Rd5 46. b4 Bxd4 47. Nxd4 R1xd4 48. Rb2 Rb5 49. Re2 Rbxb4 50. Ree7 Rg4 51. f4 Rbxf4 52.
Rxg7+ Rxg7 53. Rxg7+ Kxg7 54. gxf4 Kf6 55. Kf3 Kf5 56. Kg3 h5 57. Kf3 h4 58. h3 Kf6 59.
Kg4 Kg6 60. Kxh4 1-0

[Event "*** Titled Tuesday Blitz"]
[Site "Chess.com"]
[Date "2020.04.28"]
[Round "2"]
[White "annamaja"]
[Black "jguerramzllo"]
[Result "0-1"]
[WhiteElo "2225"]
[BlackElo "2629"]
[TimeControl "180+1"]
[EndTime "10:18:43 PDT"]
[Termination "jguerramzllo won by resignation"]

1. e4 e5 2. Nf3 Nc6 3. Bb5 Nf6 4. d3 Bc5 5. O-O d6 6. c3 O-O 7. Be3 Bb6 8. Nbd2 Ne7 9. Bxb6 axb6 10. d4 Ng6 11.
Re1 Bd7 12. Bxd7 Qxd7 13. Nc4 Qe6 14. d5 Qd7 15. Qc2 h6 16. Ne3 Ne7 17. Nh4 Qa4 18.
Qxa4 Rxa4 19. f3 Rfa8 20. a3 g6 21. g3 b5 22. Nc2 Nd7 23. Ng2 Nb6 24. Nge3 R4a7 25.
f4 Na4 26. fxe5 dxe5 27. Rab1 h5 28. Rf1 Re8 29. h3 Nc8 30. g4 Nd6 31. gxh5 gxh5 32.
Kh2 Nxe4 33. Rg1+ Kf8 34. Nf5 Rd8 35. Rg2 Ra6 36. Nce3 Rg6 37. Rbg1 Rxg2+ 38. Rxg2 Nb6 39. Rc2 Nxd5 40. Nxd5 Rxd5 41. Ne3 Rd2+ 42. Rxd2 Nxd2 43. Kg3 Nc4 44. Nd1 Kg7 45. Kh4 Kg6 46. Kg3 f5 47. Kf3 Kg5 48. Kg3 h4+ 49. Kf3 e4+ 50. Kf2 f4 51. Ke2 f3+ 52. Kf2 Kf4 53. b3 e3+ 54.
Ke1 Nxa3 0-1

[Event "*** Titled Tuesday Blitz"]
[Site "Chess.com"]
[Date "2020.04.28"]
[Round "2"]
[White "jmduque"]
[Black "momojunkai"]
[Result "0-1"]
[WhiteElo "2428"]
[BlackElo "2310"]
[TimeControl "180+1"]
[EndTime "10:18:43 PDT"]
[Termination "momojunkai won by resignation"]

1. e4 c5 2. Nf3 e6 3. d4 cxd4 4.
Nxd4 a6 5. c4 Qc7 6. Nc3 Nf6 7.
Be2 Be7 8. O-O d6 9. Be3 O-O 10. Qd2 b6 11. f3 Bb7 12. b4 Nbd7 13. Rfc1 Rac8 14. a4 Rfe8 15. Nb3 Qb8 16. a5 d5 17.
Na4 dxe4 18. axb6 exf3 19. Bxf3 Bxf3 20. gxf3 Ne5 21. Qg2 Bxb4 22. c5 Nd5 23. Bd4 Nf4 24. Qf1 Neg6 25. c6 Nd5 26. c7 Nxc7 27. bxc7 Rxc7 28.
Rxc7 Qxc7 29. Nac5 a5 30. Ne4 Qc2 31. Nbc5 f5 32. Rc1 Qa2 33. Qf2 Qd5 34. Ng5 Nf4 35. Be3 Bxc5 36. Rxc5 Qd1+ 37. Qf1 Qxf1+ 38. Kxf1 Nd5 39.
Bd4 a4 40. Ra5 h6 41. Nxe6 Rxe6 42. Rxd5 Ra6 43. Ba1 f4 44. Ke2 a3 45. Kd3 a2 46.
Kc2 Ra3 47. Rd3 Rxd3 48. Kxd3 Kf7 49. Ke4 g5 50. Kf5 Ke7 51. Kg6 Ke6 52. Kxh6 Kf5 53. Kh5 g4 54. Kh4 gxf3 55. Kh3 Kg5 56. Bb2 Kf5 57. Bd4 Kg5 58. Bb2 Kf5 59. Ba1 Ke4 60. Bb2 Ke3 61. Ba1 Ke2 62. Kg4 f2 63. h4 f1=Q 0-1

[Event "*** Titled Tuesday Blitz"]
[Site "Chess.com"]
[Date "2020.04.28"]
[Round "2"]
[White "guillembaches"]
[Black "Sjakkerntobi"]
[Result "1-0"]
[WhiteElo "2430"]
[BlackElo "2183"]
[TimeControl "180+1"]
[EndTime "10:18:43 PDT"]
[Termination "guillembaches won by checkmate"]

1. e4 e6 2. Nf3 d5 3. exd5 exd5 4. d4 Nf6 5. Bd3 c5 6. O-O Be7 7. dxc5 O-O 8. Be3 Nc6 9. c3 Bg4 10. Nbd2 Rc8 11. h3 Bh5 12. b4 a5 13. a3 Ne5 14.
Be2 Nxf3+ 15. Bxf3 Bg6 16. Bd4 Ne4 17. Re1 f5 18. Nf1 Kh8 19. Ne3 Bf7 20. Nxf5 Bf6 21. Bxe4 dxe4 22. Rxe4 Bd5 23. Bxf6 Qxf6 24. Qxd5 Qxf5 25.
Qxf5 Rxf5 26. Re7 axb4 27. cxb4 Rb8 28. Rae1 Kg8 29. Re8+ Rxe8 30. Rxe8+ Kf7 31. Rb8 Kf6 32. Rxb7 Rd5 33. c6 Rd1+ 34. Kh2 Rc1 35. b5 g5 36.
a4 h5 37. a5 g4 38. hxg4 hxg4 39. a6 Ke6 40. a7 Ra1 41. b6 Kd6 42. Rc7 g3+ 43. Kxg3 Ra3+ 44. f3 Ra6 45. Kh2 Ra1 46. Kh3 Ra4 47. g3 Ra3 48. Kg4 Ra4+ 49. f4 Ra5 50. b7 Rxa7 51. b8=Q Rxc7 52. Qxc7+ Kxc7 53. Kf5 Kd6 54. Kf6 Kxc6 55. g4 Kd5 56. g5 Ke4 57.
f5 Kf3 58. g6 Ke3 59. Kf7 Kf2 60. f6 Ke2 61. g7 Kd2 62. Ke6 Kd3 63. Kd5 Kc2 64.
Kd4 Kb3 65. f7 Kb4 66. g8=Q Kb5 67. f8=Q Kc6 68. Qff7 Kb5 69. Qc8 Kb4 70. Qfb7+ Ka3 71. Qca8# 1-0

[Event "*** Titled Tuesday Blitz"]
[Site "Chess.com"]
[Date "2020.04.28"]
[Round "2"]
[White "Chessy222222"]
[Black "profofchess"]
[Result "1/2-1/2"]
[WhiteElo "2112"]
[BlackElo "2394"]
[TimeControl "180+1"]
[EndTime "10:18:44 PDT"]
[Termination "Game drawn by agreement"]

1. e4 e6 2. d4 d5 3. exd5 exd5 4.
Nf3 Bg4 5. h3 Bh5 6. Qe2+ Be7 7.
Qb5+ Nd7 8. Qxd5 Ngf6 9. Qb3 O-O 10. Be2 c5 11. c3 cxd4 12. cxd4 Nb6 13. Nc3 Bxf3 14.
Bxf3 Qxd4 15. Be3 Qc4 16. Bxb7 Rab8 17. Bxb6 Qxb3 18. axb3 Rxb7 19. Rxa7 Rxb6 20. Rxe7 Rxb3 21. O-O Rxb2 22. Ra1 Rc2 23. Nd1 Nd5 24. Rd7 Nf4 25.
Ne3 Rb2 26. Raa7 g6 27. Ng4 Rb1+ 28. Kh2 Rb2 29. Rxf7 Rxf7 30. Nh6+ Kg7 31. Nxf7 Rxf2 32. Nd6+ Kg8 33. Ne4 Rxg2+ 34. Kh1 Re2 35. Nf6+ Kf8 36. Nxh7+ Ke8 37. Nf6+ Kd8 38. Rg7 Nxh3 39. Rxg6 Nf4 40.
Rg7 Nh3 41. Rd7+ Kc8 42. Rh7 Ng5 43. Rg7 Nf3 44. Rh7 Re6 45. Ng4 Re2 46. Nf6 Nd2 47.
Kg1 Ne4 48. Nxe4 Rxe4 49. Rh8+ 1/2-1/2

[Event "*** Titled Tuesday Blitz"]
[Site "Chess.com"]
[Date "2020.04.28"]
[Round "2"]
[White "Suleyman_Chess06"]
[Black "nadirsm"]
[Result "0-1"]
[WhiteElo "2375"]
[BlackElo "2103"]
[TimeControl "180+1"]
[EndTime "10:18:44 PDT"]
[Termination "nadirsm won by resignation"]

1. d4 d5 2. Nf3 Bf5 3. Bf4 e6 4. e3 Bd6 5. Bg3 Nf6 6. Bd3 c6 7. O-O O-O 8. Ne5 Qe7 9. Nd2 Nbd7 10. f4 Ne4 11. Qe2 f6 12. Nef3 Nxd2 13. Qxd2 Bxd3 14.
cxd3 e5 15. dxe5 fxe5 16. Rae1 Rae8 17. d4 exf4 18. exf4 Qd8 19. Ne5 Nf6 20. Qd3 Ne4 21. Rxe4 dxe4 22. Qc4+ Kh8 23. Nf7+ Rxf7 24. Qxf7 e3 25.
Re1 Bb4 26. Re2 Bd2 27. Bh4 Rf8 28. Bxd8 Rxf7 29. Bh4 Rxf4 30. Be1 Rxd4 31. Bxd2 Rxd2 32. Rxe3 h6 33. Rb3 b6 34. Ra3 a5 35. Rc3 Rxb2 36.
Rxc6 b5 37. Rc5 a4 38. a3 Kh7 39. h3 Kg6 40. Kh2 Kf6 41. Rc7 Rb3 42. Rb7 g5 43.
Rb6+ Kf5 44. g4+ Ke4 45. Rxh6 Rxa3 46. Rg6 Rb3 47. Rxg5 a3 48. Rg8 a2 49. Ra8 Rb2+ 50.
Kg3 b4 51. h4 b3 52. h5 Rb1 53. Re8+ Kd5 54. Ra8 a1=Q 55. Rxa1 Rxa1 56. h6 Rh1 57. g5 Ke6 58. g6 Rxh6 59. g7 Rg6+ 0-1

[Event "*** Titled Tuesday Blitz"]
[Site "Chess.com"]
[Date "2020.04.28"]
[Round "2"]
[White "blobica"]
[Black "Maghalashvili"]
[Result "1-0"]
[WhiteElo "2550"]
[BlackElo "2789"]
[TimeControl "180+1"]
[EndTime "10:18:45 PDT"]
[Termination "blobica won on time"]

1. e4 c5 2. Nf3 d6 3. d4 cxd4 4. Qxd4 Nc6 5. Bb5 Bd7 6. Qe3 g6 7. c4 Bg7 8. O-O Nf6 9. h3 O-O 10. Nc3 Rc8 11. Bd2 a6 12. Bxc6 Bxc6 13. Rac1 b5 14. cxb5 axb5 15. Nd4 b4 16. Nxc6 Rxc6 17. Nd5 Nxd5 18. exd5 Rxc1 19. Rxc1 Bxb2 20. Rb1 Be5 21. Bxb4 Qa8 22. Qb3 Rb8 23. a3 Qa6 24. Rc1 Qe2 25.
Qc4 Qxc4 26. Rxc4 Rb5 27. f4 Bf6 28. a4 Rxd5 29. a5 Rd1+ 30. Kf2 Ra1 31. g4 h6 32. Kf3 Kg7 33. h4 g5 34. hxg5 hxg5 35. fxg5 Be5 36. Rc7 e6 37. Rd7 d5 38. Rb7 Kg6 39. Bd2 Ra3+ 40. Ke2 Bd4 41. Rb5 Kg7 42. Rb7 Kg6 43. Rb8 e5 44. Rd8 Ra2 45. Kd1 e4 46. Rxd5 Ra1+ 47. Ke2 Bb2 48. Rb5 Bd4 49. Rb4 1-0

[Event "*** Titled Tuesday Blitz"]
[Site "Chess.com"]
[Date "2020.04.28"]
[Round "2"]
[White "capatl"]
[Black "doctorcristian"]
[Result "1-0"]
[WhiteElo "2647"]
[BlackElo "2318"]
[TimeControl "180+1"]
[EndTime "10:18:45 PDT"]
[Termination "capatl won on time"]

1. c4 Nf6 2. Nc3 g6 3. g3 Bg7 4.
Bg2 O-O 5. Nf3 c5 6. O-O Nc6 7. d4 cxd4 8. Nxd4 Ng4 9. e3 Nge5 10. b3 f5 11. Bb2 Nf7 12. Qd2 Nxd4 13. exd4 a5 14.
Rad1 e6 15. d5 e5 16. d6 Ra6 17. Nb5 a4 18. b4 a3 19. Bc3 Re8 20. Rfe1 e4 21.
c5 b6 22. Nc7 bxc5 23. bxc5 Ne5 24. Bf1 Rc6 25. Bxe5 Rxe5 26. Qb4 Rexc5 27. Qxa3 Be5 28. Qb3+ Kg7 29. Bb5 Rxd6 30. Rxd6 Bxd6 31. Nd5 Qg8 32. Qb2+ Kh6 33. Qd2+ g5 34. Ne3 Qe6 35. Bc4 Qg6 36. Rd1 Be5 37. Bb3 d6 38. Qb4 f4 39. Nd5 e3 40. fxe3 fxg3 41. hxg3 1-0

[Event "*** Titled Tuesday Blitz"]
[Site "Chess.com"]
[Date "2020.04.28"]
[Round "2"]
[White "gmelviro"]
[Black "GMMarcinDziuba"]
[Result "0-1"]
[WhiteElo "2151"]
[BlackElo "2610"]
[TimeControl "180+1"]
[EndTime "10:18:46 PDT"]
[Termination "GMMarcinDziuba won by resignation"]

1. c4 c5 2. g3 Nc6 3. Bg2 g6 4. Nc3 Bg7 5. e3 e5 6. Nge2 Nge7 7.
O-O O-O 8. d3 d6 9. a3 Be6 10.
Nd5 Qd7 11. Re1 Bh3 12. Bh1 Nxd5 13. cxd5 Ne7 14. Nc3 f5 15. Rb1 Rac8 16. Bd2 g5 17. Qa4 Qxa4 18. Nxa4 b5 19. Nc3 a6 20. e4 f4 21. Bg2 Bd7 22. Rec1 g4 23. b4 f3 24. Bf1 h5 25. a4 cxb4 26. Rxb4 a5 27. Rbb1 b4 28. Nb5 Bxb5 29. axb5 Rxc1 30. Rxc1 Rb8 31. Rc7 b3 32. Bc1 Rc8 33. Rxc8+ Nxc8 34. d4 exd4 35. Bd3 a4 36. Kf1 Nb6 37. Ke1 Be5 38. Kd1 Kf7 39. Ba3 Ke7 40. Kc1 Bf6 41. Kb2 Kd7 42.
Bb4 Bg5 43. Be1 Kc7 44. Bb1 Kb7 45. Bd3 Nd7 46. Ka3 Nc5 47. Bb1 d3 48. Bxd3 Nxd3 49.
Bc3 Bc1+ 50. Kxa4 b2 51. Bxb2 Bxb2 52. Kb3 Be5 53. Kc4 Nxf2 0-1

[Event "*** Titled Tuesday Blitz"]
[Site "Chess.com"]
[Date "2020.04.28"]
[Round "2"]
[White "Artem_Sadovsky"]
[Black "Vaathi_Coming"]
[Result "0-1"]
[WhiteElo "2556"]
[BlackElo "2867"]
[TimeControl "180+1"]
[EndTime "10:18:47 PDT"]
[Termination "Vaathi_Coming won on time"]

1. Nf3 Nf6 2. g3 g6 3. Bg2 Bg7 4. O-O O-O 5. c4 c6 6. b3 d5 7. Bb2 Bf5 8. d3 a5 9. a3 Na6 10. Nbd2 b5 11. Nd4 Bd7 12. cxb5 cxb5 13. Rc1 Qb6 14. N2f3 Rfc8 15. Ne5 Be8 16. Rxc8 Rxc8 17. Qa1 Qd6 18. f4 Nd7 19. Nxd7 Qxd7 20. Rc1 e6 21. Rxc8 Qxc8 22. e3 Bd7 23. Kf2 Nc5 24. Qd1 b4 25. a4 Qa6 26. Bf1 f6 27. Kg2 e5 28. Nf3 Qe6 29. d4 exd4 30. Bxd4 Ne4 31. Kg1 h6 32.
Qc2 g5 33. Bg2 Bf8 34. Qd3 Qc6 35. Qe2 Qc1+ 36. Bf1 Bh3 37. Qe1 Qxe1 38. Nxe1 Bxf1 39. Kxf1 Nd2+ 40. Ke2 Nxb3 41. Bxf6 gxf4 42. gxf4 Nc5 43. Nd3 Nxa4 44. f5 Kf7 45. Bd8 Nc3+ 46. Kd2 a4 47. Ba5 Ne4+ 48. Ke2 b3 49. Nf4 b2 0-1

[Event "*** Titled Tuesday Blitz"]
[Site "Chess.com"]
[Date "2020.04.28"]
[Round "2"]
[White "GracefulYear"]
[Black "ShadowJolteon"]
[Result "1/2-1/2"]
[WhiteElo "2470"]
[BlackElo "2261"]
[TimeControl "180+1"]
[EndTime "10:18:47 PDT"]
[Termination "Game drawn by repetition"]

1. d4 Nf6 2. c4 e6 3. Nc3 Bb4 4. Bd2 b6 5. Nf3 Bb7 6. e3 O-O 7. Be2 d5 8. O-O Nbd7 9. Rc1 c5 10. a3 Bxc3 11. Bxc3 Ne4 12. dxc5 Nxc3 13. Rxc3 Nxc5 14. b4 Ne4 15. Rc1 Qf6 16. Bd3 dxc4 17. Bxc4 Rfd8 18. Qe2 Nc3 19. Qc2 Bxf3 20. gxf3 Qxf3 21. Qxc3 Qg4+ 22. Kh1 Qf3+ 23. Kg1 Rac8 24. Qe5 Qg4+ 25. Qg3 Rxc4 26. Rxc4 Qxc4 27. h4 h6 28. f3 Qc3 29. e4 Qe3+ 30. Kg2 Qxa3 31. Rf2 Qxb4 32. Qc7 Rd2 33. Qxa7 Rxf2+ 34. Kxf2 Qc5+ 35. Kg3 Qd6+ 36. Kh3 b5 37. Kg2 b4 38.
Qa8+ Kh7 39. Qa4 Qd2+ 40. Kg3 Qc3 41. Qd7 Qe5+ 42. Kg4 f5+ 43. exf5 exf5+ 44. Kh3 b3 45. Qd3 b2 46. Qb1 h5 47. Kg2 g6 48. Kf2 Qd4+ 49.
Kg2 Qc3 50. Kg3 Qc1 51. Qa2 b1=Q 52. Qf7+ Kh6 53. Qf8+ Kh7 54. Qf7+ Kh8 55. Qf8+ Kh7 56. Qf7+ 1/2-1/2

[Event "*** Titled Tuesday Blitz"]
[Site "Chess.com"]
[Date "2020.04.28"]
[Round "2"]
[White "Andrei_Belozerov"]
[Black "Infernal_XaM"]
[Result "1-0"]
[WhiteElo "2596"]
[BlackElo "2910"]
[TimeControl "180+1"]
[EndTime "10:18:48 PDT"]
[Termination "Andrei_Belozerov won on time"]

1. e4 e5 2. Nf3 Nf6 3. d4 d5 4.
Nxe5 Nxe4 5. Bd3 Bd6 6. O-O O-O 7. c4 Be6 8. Qc2 Bxe5 9. dxe5 Nc6 10. cxd5 Nb4 11. Qe2 Nxd3 12. dxe6 Qd5 13. f3 Nxc1 14. Rxc1 Qd4+ 15. Kf1 fxe6 16. Rc4 Qxe5 17. Qxe4 Qxh2 18.
Qh4 Qd6 19. Nc3 Qd2 20. Re1 Rf7 21. Re2 Qc1+ 22. Kf2 Raf8 23. Ne4 Qb1 24. Ng5 Rd7 25. Rce4 h6 26. Nxe6 Rc8 27. Nc5 Rd1 28. Qg4 Rf1+ 29. Kg3 Rf8 30. Re7 R8xf3+ 31. Qxf3 Rxf3+ 32. Kxf3 Qf1+ 33. Kg3 Qf5 34. Ne6 Qg6+ 35. Kf2 Qf6+ 36. Nf4 Qxf4+ 37.
Kg1 Qd4+ 38. Kh2 Kh7 39. g3 Qd6 40. Rf7 b5 41. Ree7 Qd4 42. Rxc7 Qxb2+ 43. Kh3 a5 44. Rb7 a4 45. Rfc7 b4 46. Rc4 b3 47. Rxa4 1-0

[Event "*** Titled Tuesday Blitz"]
[Site "Chess.com"]
[Date "2020.04.28"]
[Round "2"]
[White "Nayemhaque22"]
[Black "Tiqr777"]
[Result "0-1"]
[WhiteElo "2302"]
[BlackElo "2592"]
[TimeControl "180+1"]
[EndTime "10:18:48 PDT"]
[Termination "Tiqr777 won by checkmate"]

1. e4 g6 2. d4 Bg7 3. Nf3 d6 4. c4 Nf6 5. Nc3 O-O 6. Bg5 Nc6 7. Qd2 Bg4 8. Be2 Bxf3 9. Bxf3 Nd7 10. d5 Nd4 11.
Bh6 Bxh6 12. Qxd4 Ne5 13. Be2 c5 14. Qd1 Qb6 15. O-O Qxb2 16. Nb5 a6 17. Rb1 Qxa2 18. Nc7 Rab8 19. f4 Nd7 20. Bg4 Nf6 21. Bf3 Qxc4 22.
e5 Nd7 23. Bg4 Rfc8 24. Ne6 f5 25. exf6 Nxf6 26. Ng5 Nxg4 27. Qxg4 Qxd5 28. Rfe1 Bxg5 29. fxg5 Qd4+ 30. Qxd4 cxd4 31. Rxe7 b5 32. Re4 b4 33. Rxd4 a5 34. Rxd6 b3 35. Ra6 Rb5 36. h4 b2 37. Kh2 Rc1 38. Rxb2 Rxb2 39. Rxa5 Rcc2 40. Ra8+ Kf7 41. Ra7+ Ke6 42. Ra6+ Kf5 43. Ra5+ Ke6 44. Ra6+ Kd5 45. Ra5+ Kc6 46. Kh3 Rxg2 47. Ra3 Rgc2 48.
Rf3 Kb5 49. h5 Kb4 50. hxg6 hxg6 51. Rf6 Rh2+ 52. Kg3 Rbg2+ 53. Kf4 Rf2+ 54. Ke5 Rxf6 55. Kxf6 Kc5 56. Kxg6 Kd6 57. Kf7 Rf2+ 58. Kg8 Ke6 59. g6 Kf6 60. g7 Rh2 61. Kf8 Ra2 62. g8=Q Ra8# 0-1

[Event "*** Titled Tuesday Blitz"]
[Site "Chess.com"]
[Date "2020.04.28"]
[Round "2"]
[White "KhamzinOlzhas"]
[Black "ferdipy"]
[Result "1-0"]
[WhiteElo "2536"]
[BlackElo "2277"]
[TimeControl "180+1"]
[EndTime "10:18:48 PDT"]
[Termination "KhamzinOlzhas won by checkmate"]

1. e4 e6 2. d4 d5 3. exd5 exd5 4. Nf3 c6 5. Bd3 Bd6 6. O-O Ne7 7. b3 O-O 8. c4 Bf5 9. Nc3 Bxd3 10. Qxd3 Na6 11. Bg5 h6 12. Bxe7 Bxe7 13. cxd5 cxd5 14. Qb5 Nb4 15.
a3 a6 16. Qe2 Rc8 17. Rfc1 Nc6 18. Qd3 Bf6 19. Ne2 Re8 20. b4 Qd6 21. Ng3 g6 22.
Rc5 Kg7 23. Rac1 Re7 24. h3 Rce8 25. b5 axb5 26. Rxb5 Qf4 27. Rd1 Nxd4 28. Nxd4 Re1+ 29. Kh2 Rxd1 30. Nf5+ gxf5 31. Qxd1 d4 32. Rxf5 Qd6 33.
Qg4+ Kh7 34. Qf3 Re6 35. Rd5 Qc7 36. Qf5+ Kg7 37. f4 Rd6 38. Nh5+ Kf8 39. Rxd6 Qxd6 40. Nxf6 d3 41. Nd7+ Ke7 42. Ne5 d2 43. Qxf7+ Kd8 44.
Nc4 d1=Q 45. Nxd6 Qxd6 46. h4 Qxa3 47. Qxb7 Qd6 48. Qf3 Ke7 49. g3 Kf6 50. h5 Qd2+ 51.
Kh3 Qe1 52. Qc6+ Kf5 53. Qf3 Kf6 54. Qc6+ Kf5 55. Qg6# 1-0

[Event "*** Titled Tuesday Blitz"]
[Site "Chess.com"]
[Date "2020.04.28"]
[Round "2"]
[White "Sethu0025"]
[Black "davidkalashian"]
[Result "0-1"]
[WhiteElo "2828"]
[BlackElo "2557"]
[TimeControl "180+1"]
[EndTime "10:18:49 PDT"]
[Termination "davidkalashian won by resignation"]

1. e4 c6 2. d4 g6 3. Nc3 Bg7 4. Nf3 d6 5. h3 Nf6 6. Be3 O-O 7.
Qd2 Nbd7 8. Bh6 e5 9. Bd3 Re8 10.
O-O-O b5 11. Bxg7 Kxg7 12. Ne2 Qc7 13. Ng3 Nb6 14. h4 h5 15. Qg5 Nh7 16. Nxh5+ Kh8 17. Qh6 gxh5 18. dxe5 dxe5 19. Ng5 f6 20. Nxh7 Qxh7 21. Qxf6+ Qg7 22. Qxc6 Bd7 23. Qc5 Rac8 24. Qe3 Rf8 25. g3 Rf6 26. f4 Bg4 27. Rdf1 exf4 28.
gxf4 Rfc6 29. Kb1 Nc4 30. Qc1 Qd4 31. Bxc4 Rxc4 32. f5 Kh7 33. Rh2 Qxe4 34. Rhf2 R4c6 35. f6 Rf8 36. Qg5 Qg6 37. Qd5 Rfc8 38. f7 Rxc2 39.
f8=N+ Rxf8 40. Rf7+ Rxf7 41. Rxf7+ Kh6 42. Qg5+ Qxg5 43.
hxg5+ Kg6 44. Rxa7 Rc5 45. a4 Bf5+ 46. Ka2 bxa4 47.
Rxa4 Kxg5 48. b4 Rd5 49. Ra8 h4 50. Rg8+ Bg6 51. Ka3 h3 52. Rh8 Bh5 53. Rg8+ Kh4 0-1